AoeStats
← GuLy San (10)

Arabia

508102749Analyzed
1v1 RM · 13d ago on Sep 20, 2026· 54m 45s· 2 players
Game mode
Random Map
Map size
Tiny (2 player)
Population
200
Speed
Normal
Resources
Standard
Victory
Conquest
Starting age
Dark Age
Ending age
Imperial Age
RankedLock teamsTeams togetherTeam positionsShared explorationLock speedFull tech treeHidden civsTurbo modeCheats
Victory
Defeat
🇹🇷 Spanish · Türkiye
792
+19
🇦🇷 Maya · Argentina
852
-19
GuLy San (10)
0:25 Loom
11:37 Feudal Age
13:03 Horse Collar
13:12 Double-Bit Axe
14:55 Gold Mining
21:25 Fletching
26:43 Castle Age
26:47 Crossbowman
26:49 Elite Skirmisher
27:32 Squires
27:50 Pikeman
30:15 Forging
30:07 Padded Archer Armor
32:30 Leather Archer Armor
34:33 Thumb Ring
41:36 Imperial Age
39:20 Eagle Warrior
40:13 Bodkin Arrow
40:20 Scale Mail Armor
42:49 Halberdier
44:06 Arbalester
45:53 Hul'che Javelineers
46:20 Bracer
46:52 Ring Archer Armor
49:20 Chain Mail Armor
51:21 Elite Eagle Warrior
Kafaarkasi
5:34 Loom
10:42 Feudal Age
11:12 Double-Bit Axe
14:25 Scale Barding Armor
14:31 Forging
15:08 Horse Collar
21:51 Castle Age
20:18 Gold Mining
22:17 Scale Mail Armor
22:25 Padded Archer Armor
23:36 Bow Saw
22:58 Light Cavalry
25:45 Stone Mining
27:12 Heavy Plow
29:44 Bloodlines
29:35 Husbandry
34:00 Imperial Age
33:35 Wheelbarrow
33:27 Man-at-Arms
36:33 Onager
38:17 Chain Barding Armor
40:29 Stone Shaft Mining
40:39 Hand Cart
42:13 Leather Archer Armor
42:45 Iron Casting
42:46 Plate Barding Armor
43:43 Block Printing
43:43 Redemption
42:58 Elite Conquistador
43:42 Inquisition
52:45 Ring Archer Armor
52:05 Fletching
52:51 Iron Casting
52:51 Plate Barding Armor
52:39 Ballistics
53:19 Chemistry
Connection lost

Rejoining the realm…

Still unreachable

The connection could not be restored.

Session expired

The server has moved on; the page needs a fresh start.